 Dungeon Crawl Stone Soup version 0.29.1-12-g30fa7ad0bf (webtiles) character file.

Game seed: 15730813845707121586

488 MisterFreud the Covert (level 7, -1/56 HPs)
             Began as a Gnoll Brigand on Dec 14, 2022.
             Slain by a jackal (2 damage)
             ... on level 4 of the Dungeon.
             The game lasted 00:11:34 (5620 turns).

MisterFreud the Covert (Gnoll Brigand)              Turns: 5620, Time: 00:11:35

Health: -1/56      AC:  3    Str: 11    XL:     7   Next: 13%
Magic:  10/10      EV: 13    Int: 12    God:
Gold:   116        SH:  5    Dex: 13    Spells: 10/10 levels left

rFire   . . .      SeeInvis .   a - +3 dagger
rCold   . . .      Faith    .   (no shield)
rNeg    . . .      Spirit   .   b - +0 robe
rPois   .          Reflect  +   (no helmet)
rElec   .          Harm     .   c - +0 cloak
rCorr   .          Rampage  .   (no gloves)
Will    .....                   (no boots)
Stlth   ++++......              m - amulet of reflection
HPRegen 0.18/turn               s - ring of wizardry
MPRegen 0.12/turn               (no ring)

@: no status effects
A: fangs 1, strong nose, distributed training
a: no special abilities


You were on level 4 of the Dungeon.
You visited 1 branch of the dungeon, and saw 4 of its levels.
You also visited: Sewer.

You collected 166 gold pieces.
You spent 50 gold pieces at shops.

Inventory:

Hand Weapons
 a - a +3 dagger (weapon)
 h - a +0 dagger of venom
Missiles
 d - 11 poisoned darts (quivered)
 e - 2 curare-tipped darts
 g - 2 throwing nets
 l - 3 datura-tipped darts
Armour
 b - a +0 robe (worn)
 c - a +0 cloak (worn)
Jewellery
 m - an amulet of reflection (around neck)
 s - a ring of wizardry (left hand)
Wands
 n - a wand of light (8)
Scrolls
 t - a scroll of butterflies
Potions
 f - 2 potions of heal wounds
 i - a potion of resistance
 j - a potion of invisibility {unknown}
 k - a potion of flight {unknown}
 o - a potion of degeneration {unknown}
 p - 2 potions of haste {unknown}
 q - a potion of curing {unknown}
 r - 3 potions of mutation {unknown}


   Skills:
 + Level 5.2 Fighting
 + Level 5.2 Short Blades
 + Level 2.3 Long Blades
 + Level 2.3 Axes
 + Level 2.3 Maces & Flails
 + Level 2.3 Polearms
 + Level 2.3 Staves
 + Level 2.3 Ranged Weapons
 + Level 5.2 Throwing
 + Level 2.3 Armour
 + Level 3.5 Dodging
 + Level 8.2 Stealth
 + Level 2.3 Shields
 + Level 2.3 Unarmed Combat
 + Level 2.3 Spellcasting
 + Level 1.9 Conjurations
 + Level 1.9 Hexes
 + Level 1.9 Summonings
 + Level 1.9 Necromancy
 + Level 1.9 Translocations
 + Level 1.9 Transmutations
 + Level 1.9 Fire Magic
 + Level 1.9 Ice Magic
 + Level 1.9 Air Magic
 + Level 1.9 Earth Magic
 + Level 1.9 Poison Magic
 + Level 2.6 Invocations
 + Level 2.3 Evocations


You had 10 spell levels left.
You didn't know any spells.
Your spell library contained the following spells:

 Spells                   Type           Power      Damage    Failure   Level
 Freeze                   Ice            24%        1d5       4%          1
 Frozen Ramparts          Ice            12%        1d2       14%         3
 Hailstorm                Conj/Ice       6%         3d4       41%         4


Dungeon Overview and Level Annotations

Branches:
Dungeon (4/15)              Sewer (visited)
 Temple: D:4-7

Altars:
Cheibriados
Qazlal

Shops:
D:1 !*[:!


Innate Abilities, Weirdness & Mutations

You have very sharp teeth.
Your uncanny sense of smell can sniff out nearby items.
Your experience applies equally to all skills.


Message History

The black bear is lightly wounded.
The jackal bites you but does no damage. x2
You hit the black bear.
The black bear is moderately wounded.
You block the jackal's attack. The black bear bites you!
The black bear claws you. x2; The jackal barely misses you.
You puncture the black bear!
The black bear is heavily wounded.
You block the jackal's attack. You block the black bear's attack.
The black bear claws you but does no damage.
You block the black bear's attack. The jackal bites you.
The jackal barely misses you.
Unknown command.
You hit the black bear.
The black bear is heavily wounded.
The jackal bites you but does no damage.
You block the black bear's attack. The black bear claws you.
* * * LOW HITPOINT WARNING * * *
The black bear claws you.
* * * LOW HITPOINT WARNING * * *
The jackal closely misses you.
You hit the black bear.
The black bear is severely wounded.
The jackal bites you but does no damage. x2
Unknown command.
You hit the black bear.
The black bear is severely wounded.
The black bear goes berserk!
The jackal bites you.
* * * LOW HITPOINT WARNING * * *
The jackal barely misses you.
Unknown command.
Unknown command.
You hit the black bear.
The black bear is severely wounded.
The black bear barely misses you. The black bear claws you.
* * * LOW HITPOINT WARNING * * *
The black bear claws you.
* * * LOW HITPOINT WARNING * * *
The jackal bites you.
You die...

###.....## #.#
....###..#####.##
....# ##...(##..#
....# ##.†..#...##
....###..........##
..................#
....##............#
....##............#
....###........h@##
##...##..hh#
#######.#h#
#......# #$.......
....(.....
...........
............
...........hh


You could see a black bear (berserk) and 3 jackals.

Vanquished Creatures
  A black bear (D:4)
  A kobold brigand (Sewer)
  An iguana (D:4)
  10 river rats
  11 adders
  2 worms
  2 dart slugs
  An orc (D:3)
  4 bats
  8 endoplasms
  3 giant cockroaches
  10 goblins
  7 hobgoblins
  4 jackals (D:4)
  3 quokkas
  10 ball pythons
  4 frilled lizards
  16 kobolds
  24 rats
122 creatures vanquished.

Notes
Turn   | Place    | Note
-------+----------+-------------------------------------------
     0 | D:1      | MisterFreud the Gnoll Brigand began the quest for the Orb.
     0 | D:1      | Reached XP level 1. HP: 20/20 MP: 1/1
    39 | D:1      | You fall into a shaft and drop 1 floor!
   126 | D:1      | Reached XP level 2. HP: 26/26 MP: 2/2
   304 | D:1      | Found Luiwy Jeem's Assorted Antiques.
   308 | D:1      | Found Keyrr's Armour Emporium.
   514 | D:1      | Found Focwed's Distillery.
   527 | D:1      | Bought a potion of heal wounds for 50 gold pieces
   590 | D:1      | Found Koafat's Distillery.
   820 | D:1      | Found Zailitir's Book Emporium.
   894 | D:1      | Reached XP level 3. HP: 31/31 MP: 3/3
  1174 | D:2      | Reached skill level 1 in Invocations
  1531 | D:2      | Found a stormy altar of Qazlal.
  1611 | D:2      | Reached skill level 1 in Long Blades
  1611 | D:2      | Reached skill level 1 in Axes
  1611 | D:2      | Reached skill level 1 in Maces & Flails
  1611 | D:2      | Reached skill level 1 in Polearms
  1611 | D:2      | Reached skill level 1 in Staves
  1611 | D:2      | Reached skill level 1 in Ranged Weapons
  1611 | D:2      | Reached skill level 1 in Armour
  1611 | D:2      | Reached skill level 1 in Shields
  1611 | D:2      | Reached skill level 1 in Unarmed Combat
  1611 | D:2      | Reached skill level 1 in Spellcasting
  1611 | D:2      | Reached skill level 1 in Evocations
  1878 | D:3      | Found a snail-covered altar of Cheibriados.
  1907 | D:3      | Reached XP level 4. HP: 38/38 MP: 5/5
  2025 | D:3      | Found a glowing drain.
  2038 | D:3      | Reached skill level 1 in Conjurations
  2038 | D:3      | Reached skill level 1 in Hexes
  2038 | D:3      | Reached skill level 1 in Summonings
  2038 | D:3      | Reached skill level 1 in Necromancy
  2038 | D:3      | Reached skill level 1 in Translocations
  2038 | D:3      | Reached skill level 1 in Transmutations
  2038 | D:3      | Reached skill level 1 in Fire Magic
  2038 | D:3      | Reached skill level 1 in Ice Magic
  2038 | D:3      | Reached skill level 1 in Air Magic
  2038 | D:3      | Reached skill level 1 in Earth Magic
  2038 | D:3      | Reached skill level 1 in Poison Magic
  2063 | Sewer    | Entered a sewer
  2744 | Sewer    | Reached XP level 5. HP: 19/43 MP: 7/7
  3452 | Sewer    | Reached skill level 8 in Stealth
  3725 | Sewer    | Noticed a kobold brigand
  3748 | Sewer    | Killed a kobold brigand
  3749 | Sewer    | Reached skill level 5 in Fighting
  3749 | Sewer    | Reached skill level 5 in Short Blades
  3749 | Sewer    | Reached skill level 5 in Throwing
  3749 | Sewer    | Reached XP level 6. HP: 26/51 MP: 8/8
  5203 | D:4      | Noticed a black bear
  5221 | D:4      | Killed a black bear
  5222 | D:4      | Reached XP level 7. HP: 29/56 MP: 10/10
  5620 | D:4      | HP: 1/56 [black bear (6)]
  5620 | D:4      | Slain by a jackal

Illustrated notes

Levels and vault maps discovered:
D:1:      dpeg_arrival_rooms_a, layout_basic, serial_shops, shop,
          nicolae_shop_advertising_works [nicolae_subvault_shop_adworks], shop,
          shop, nicolae_shop_statue_plus, serial_corexii_hall,
          corexii_hall_statues_deadend, chequers_hall_statues_wall_a,
          chequers_hall_statues_y, chequers_hall_statues_wall_a
D:2:      layout_loops_cross, basic_altar, minmay_misc_feat_hallway
D:3:      layout_loops_ring, nicolae_overflow_crystal_walls,
          portal_sewer_entry_c
D:4:      cheibrodos_greedy_goblins, layout_rooms, grunt_dithmenos_smoke,
          minmay_temple_entry_purple_smoke

Skill      XL: |  1  2  3  4  5  6 |
---------------+-------------------+-----
Invocations    | 1 2 |  2.6
Long Blades    | 1 2 |  2.3
Axes           | 1 2 |  2.3
Maces & Flails | 1 2 |  2.3
Polearms       | 1 2 |  2.3
Staves         | 1 2 |  2.3
Ranged Weapons | 1 2 |  2.3
Armour         | 1 2 |  2.3
Shields        | 1 2 |  2.3
Unarmed Combat | 1 2 |  2.3
Spellcasting   | 1 2 |  2.3
Evocations     | 1 2 |  2.3
Conjurations   | 1 |  1.9
Hexes          | 1 |  1.9
Summonings     | 1 |  1.9
Necromancy     | 1 |  1.9
Translocations | 1 |  1.9
Transmutations | 1 |  1.9
Fire Magic     | 1 |  1.9
Ice Magic      | 1 |  1.9
Air Magic      | 1 |  1.9
Earth Magic    | 1 |  1.9
Poison Magic   | 1 |  1.9
Dodging        | 3 |  3.5
Stealth        | 8 |  8.2
Fighting       | 5 |  5.2
Short Blades   | 5 |  5.2
Throwing       | 5 |  5.2

Action                   |  1- 3 |  4- 6 |  7- 9 || total
-------------------------+-------+-------+-------++-------
Melee: Dagger            |    84 |   323 |    39 ||   446
       Bite              |     8 |    32 |     1 ||    41
       Punch             |       |     5 |       ||     5
Throw: Dart              |       |     3 |       ||     3
  Use: Scroll            |    10 |     1 |       ||    11
       Potion            |       |     5 |       ||     5
 Stab: Sleeping          |    19 |     8 |     3 ||    30
Armor: Robe              |    19 |    46 |    12 ||    77
       Skin              |       |     7 |       ||     7
Dodge: Dodged            |    29 |   177 |    25 ||   231
Block: Other             |     1 |    65 |    11 ||    77
       Reflection        |       |     1 |       ||     1
